Map: Frozen Temple

Players

Miszu

  • Race: Terran Terran
  • League: Master

SouLeer - Winner!

  • Race: Zerg Zerg
  • League: Grandmaster

VOD

Have the link to the VOD?

Description

Time

  • Played on: April 13, 2016, 1:50 p.m.
  • Length: 4:01
Show
View Real Time Build Order
Export as new Build Order

Miszu Terran 

Build Orders: Reaper Expand 

Get SALT Encoding   

  12  0:00  SCV  
  13  0:13  SCV  
  14  0:17  Supply Depot  
  14  0:25  SCV  
  15  0:39  SCV  
  15  0:40  Barracks  
  16  0:43  Refinery  
  16  0:51  SCV  
  17  1:03  SCV  
  18  1:15  SCV  
  19  1:28  Reaper, Orbital Command  
  20  1:41  Command Center  
  20  1:52  Supply Depot  
  20  1:53  SCV  
  21  2:00  Marine  
  22  2:05  SCV  
  23  2:16  Factory  
  23  2:17  SCV  
  23  2:20  Barracks Reactor  
  23  2:21  Refinery  
  24  2:29  SCV  
  25  2:41  SCV  
  24  2:54  SCV  
  24  3:05  Command Center  
  24  3:06  Starport  
  24  3:08  Hellion x2  
  24  3:10  Supply Depot, SCV  
  29  3:13  Barracks Tech Lab  
  29  3:17  Armory  
  29  3:23  SCV  
  30  3:32  Hellion x2  
Show
View Real Time Build Order
Export as new Build Order

SouLeer Zerg - Winner!

Build Orders: Pool First 

Get SALT Encoding   

  12  0:03  Drone  
  13  0:14  Overlord  
  13  0:18  Drone  
  14  0:32  Extractor, Drone  
  14  0:33  Drone  
  15  0:37  Drone  
  16  0:49  Spawning Pool  
  15  0:52  Drone  
  16  0:59  Drone  
  17  1:20  Hatchery  
  16  1:36  Metabolic Boost  
  16  1:37  Zergling x4  
  19  1:40  Zergling x2  
  19  1:51  Queen  
  21  1:55  Zergling x2  
  22  2:02  Overlord  
  22  2:11  Baneling Nest  
  22  2:15  Zergling x2  
  22  2:21  Zergling x2  
  23  2:32  Zergling x2  
  23  2:36  Zergling x2  
  25  2:44  Zergling x4  
  26  2:54  Zergling x4  
  28  3:01  Zergling x2  
  28  3:04  Baneling x2  
  29  3:11  Baneling  
  29  3:12  Baneling x3  
  29  3:14  Zergling x6  
  29  3:19  Zergling x2  
  33  3:23  Zergling x2  
  34  3:28  Zergling x2  
  31  3:36  Zergling x4  
Tags
 
Add a new tag
Caveats
  • Supply blocks, unpowered buildings, or Contaminate may cause inaccurate times.
  • Supply counts are checked every 10 seconds.